Frizzbo, neutral female gnomish Wizard ------- --------- --- |.....| |.....(.| .. |.....-# -------- |.......| .. |.....|# |..<...| #-.......-# .. |.....|### |.......# #---------# .. ----.-- # |......| #### # | ## ###|......| # # k # #.......| # # h # -----|-- # # ###fG# # #### # #-------.------- # # # #|.............| # ### # #|.............| # # # #..............| ----|- ------.--------# |.............| |....| |..............# |.............. |.>..| |...>.........| --------------- |....| #-.............. |.....###########--------------- ------ Frizzbo the Conjurer Experience level: 3 Strength: 14 Dexterity: 14 Constitution: 13 Intelligence: 16 Wisdom: 9 Charisma: 11 Health: 0(15) Energy: 24(29) Def: 2 Gold: 516 Moves: 1607 Dungeon seed: ghWVRHqvbnJqyaFU Game ID: Frizzbo_1465935575 Your Inventory: Coins $ - 516 gold pieces Weapons a - a blessed +1 quarterstaff (alternate weapon; not wielded) t - the uncursed +0 Sting (weapon in hand) Armor e - an uncursed +0 cloak of magic resistance (being worn) n - a blessed +0 orcish helm (being worn) q - a cursed -6 pair of levitation boots Comestibles o - an uncursed egg p - an uncursed food ration v - an uncursed tripe ration z - an uncursed slime mold Scrolls i - an uncursed scroll of enchant weapon j - a blessed scroll of light k - a blessed scroll of gold detection w - an uncursed scroll of teleportation Spellbooks l - a blessed spellbook of force bolt m - an uncursed spellbook of jumping Potions f - an uncursed potion of monster detection g - an uncursed potion of object detection h - an uncursed potion of enlightenment r - an uncursed potion of see invisible s - an uncursed potion of invisibility Rings c - an uncursed ring of teleport control d - an uncursed ring of free action (on left hand) A - an uncursed ring of invisibility Wands b - an uncursed wand of secret door detection (0:10) Gems y - an uncursed amber stone Spells and supernatural/magical abilities: Name Level Category Fail Memory a - force bolt 1 attack 0% 92% j - jumping 1 escape 0% 92% W - pray for help -- divine ? -- Your skills at the end: Fighting Skills Weapon Skills quarterstaff [Basic] Spellcasting Skills attack spells [Basic] enchantment spells [Basic] Final Attributes: You were piously aligned. You were magic-protected. You were aware of the presence of orcs. You had infravision. You had free action. You are dead. Vanquished creatures: a shrieker a floating eye a homunculus 2 hobbits 3 yellow molds 2 geckos a jackal 2 kobolds a goblin 3 sewer rats a grid bug 3 lichens 2 newts 23 creatures vanquished. Voluntary challenges: You were an atheist. You used a wielded weapon 40 times, starting on turn 82. You were illiterate. You never genocided any monsters. You never polymorphed an object. You never changed form. You used no wishes. You never split a pudding. You never wrote Elbereth's name. You never violated your personal moral code. Dungeon overview: The Dungeons of Doom: levels 1 to 4 Level 1 a long staircase Level 2 Level 3 Level 4 <- You were here a long staircase History has recorded: On T:1 you entered the Dungeons of Doom to retrieve the Amulet of Yendor! On T:142 you advanced to experience level 2. On T:340 you reached level 2 of The Dungeons of Doom. On T:626 you reached level 3 of The Dungeons of Doom. On T:764 you advanced to experience level 3. On T:1329 you reached level 4 of The Dungeons of Doom. Score breakdown: Gold: 516 ( 9230 points) Experience: 3 levels ( 7878 points) Exploration: 4 levels ( 8.33%) ( 7579 points) Discoveries: 2 items ( 0.70%) ( 2504 points) Valuables value: (no points given unless you survive) Artifact value: 800 ( 9877 points) Variety of kills: 13 monsters ( 3.41%) ( 5541 points) Turncount: 1607 turns ( 0 points) Survival: died (score multiplied by 80%) Total score: 34087 Latest messages: You momentarily stiffen under the floating eye's gaze! You hit the floating eye. (2x) You feel more confident in your weapon skills. You hit the floating eye. You momentarily stiffen under the floating eye's gaze! You hit the floating eye. The floating eye turns to flee! You momentarily stiffen under the floating eye's gaze! You miss the floating eye. You momentarily stiffen under the floating eye's gaze! You miss the hobbit. You hit the hobbit. The hobbit drinks a black potion! The hobbit looks completely healed. You hit the hobbit. The hobbit wields a runed dagger! You hit the hobbit. The hobbit thrusts his runed dagger. The hobbit hits! The spell misses the hobbit. You hit the hobbit. The hobbit thrusts his runed dagger. The hobbit hits! You die... Final status: Goodbye Frizzbo the Wizard, killed by a hobbit... You died in The Dungeons of Doom on dungeon level 4 with 34087 points, and 516 pieces of gold, after 1607 moves. You were level 3 with a maximum of 15 hit points when you died.